 Dungeon Crawl Stone Soup version 0.13.1-22-g086cdba (webtiles) character file.

129 Kae the Ruffian (level 2, -1/23 HPs)
             Began as a Draconian Transmuter on Jan 1, 2014.
             Slain by a gnoll (2 damage)
             ... on Level 1 of the Dungeon.
             The game lasted 00:00:33 (786 turns).

Kae the Ruffian (Draconian Transmuter)               Turns: 786, Time: 00:00:33

HP  -1/23        AC  4     Str 12      XL: 2   Next: 75%
MP   2/3         EV 12     Int 13      God:
Gold 106         SH  0     Dex 11      Spells:  1 memorised,  4 levels left

Res.Fire  : . . .   See Invis. : .     - Unarmed
Res.Cold  : . . .   Warding    : .   (armour unavailable)
Life Prot.: . . .   Conserve   : .   (no shield)
Res.Poison: .       Res.Corr.  : .   (helmet restricted)
Res.Elec. : .       Clarity    : .   (no cloak)
Sust.Abil.: . .     Spirit.Shd : .   (no gloves)
Res.Mut.  : .       Stasis     : .   (boots unavailable)
Res.Rott. : .       Flight     : .   (no amulet)
Saprovore : . . .                    (no ring)
                                     (no ring)

@: appendage, not resistant to hostile enchantments, unstealthy
A: unfitting armour, talons 3, AC +4
a: End Transformation


You were on level 1 of the Dungeon.
You were not hungry.
You had grown temporary talons.
You visited 1 branch of the dungeon, and saw 2 of its levels.

You collected 86 gold pieces.

Inventory:

Missiles
 b - 12 arrows
Comestibles
 a - a bread ration
Scrolls
 g - a scroll of recharging {unknown}
 h - a scroll of remove curse {unknown}
Potions
 c - 2 potions of speed {unknown}
 e - a potion of might {unknown}
 f - a potion of agility {unknown}
 i - 2 potions of restore abilities {unknown}
 j - a potion of mutation {unknown}
 k - a potion of curing {unknown}
Books
 d - a book of Changes

   Spells                             Type                      Level
   *Beastly Appendage                 Transmutation                1
   Sticks to Snakes                   Transmutation                2
   Spider Form                        Transmutation/Poison         3
   Ice Form                           Ice/Transmutation            4
   Blade Hands                        Transmutation                5


   Skills:
 - Level 1.1 Fighting
 - Level 1.7 Dodging
 + Level 4.0 Unarmed Combat
 - Level 2.0 Spellcasting
 - Level 2.0 Transmutations


You had 4 spell levels left.
You knew the following spells:

 Your Spells              Type           Power        Failure   Level  Hunger
a - Beastly Appendage     Trmt           #.....       12%         1    ##.....


Dungeon Overview and Level Annotations

Branches:
Dungeon (2/27)

Altars:
Trog


Innate Abilities, Weirdness & Mutations

Your plain brown scales are hard (AC +4).
Your body does not fit into most forms of armour.
Your cold-blooded metabolism reacts poorly to cold.
You have claws for feet.


Message History

You are too injured to fight recklessly!
You spend a moment contemplating the meaning of life.
There are monsters nearby!
The gnoll closely misses you.
There is a stone staircase leading up here.
You see here a dart.
The gnoll hits you.
* * * LOW HITPOINT WARNING * * *
You climb upwards.
There is a stone staircase leading down here.
You can't go up here!
You can't go up here!
Unknown command.
Unknown command.
Casting: Beastly Appendage
Confirm with . or Enter, or press ? or * to list all spells.
Your feet morph into talons.
The gnoll hits you!
* * * LOW HITPOINT WARNING * * *
The gnoll hits you.
You die...

......# #.#.#
##...#.....โ‰ˆ.ยงโ‰ˆ#
.(....###.#.# ##...........โ‰ˆ#
.......##.#.########.############
.......##.#.#....................
.......##.#.#.########..#########
.(......................#
##.##..##.#.####.#####.##
..........#........%....#
.#.#.#)##.......@########
.#...#......####g# .########.#.#
#.# ..........#.# #.#
#########.#.# #.# ......#
#.#.####.# #####.# #.....##.# #
#.# #.#.#.##.# #####.# #.#.#....#


You could see a gnoll.

Vanquished Creatures
  A giant gecko (D:1)
  4 bats
  4 goblins
  3 hobgoblins (D:1)
  5 kobolds
  2 rats (D:1)
19 creatures vanquished.

Notes
Turn   | Place    | Note
--------------------------------------------------------------
     0 | D:1      | Kae, the Draconian Transmuter, began the quest for the Orb.
     0 | D:1      | Reached XP level 1. HP: 16/16 MP: 1/1
   145 | D:1      | Reached XP level 2. HP: 17/23 MP: 3/3
   651 | D:1      | Reached skill level 4 in Unarmed Combat
   686 | D:1      | Found a bloodstained altar of Trog.
   785 | D:1      | HP: 1/23 [gnoll (8)]
   786 | D:1      | Slain by a gnoll

Action                   || total
-------------------------++-------
Melee: Unarmed           ||    82
 Cast: Beastly Appendage ||     1
 Stab: Sleeping          ||     1
